 Dungeon Crawl Stone Soup version 0.29.1-4-g47bece8355 (webtiles) character file.

Game seed: 1539076987385491057

11 hawla the Firebug (level 2, -4/20 HPs)
             Began as a Meteoran Fire Elementalist on Dec 4, 2022.
             Killed from afar by Sigmund (14 damage)
             ... with a bolt of light
             ... on level 4 of the Dungeon.
             The game lasted 00:01:17 (260 turns).

hawla the Firebug (Meteoran Fire Elementalist)       Turns: 260, Time: 00:01:18

Health: -4/20      AC:  4    Str:  9    XL:     2   Next: 52%
Magic:  1/6        EV: 12    Int: 16    God:
Gold:   38         SH:  0    Dex: 14    Spells: 5/6 levels left

rFire   . . .      SeeInvis .   (no weapon)
rCold   . . .      Faith    .   (no shield)
rNeg    . . .      Spirit   .   a - +1 robe
rPois   .          Reflect  .   (no helmet)
rElec   .          Harm     .   c - +0 cloak
rCorr   .          Rampage  .   (no gloves)
Will    .....                   (no boots)
Stlth   +.........              (no amulet)
HPRegen 0.06/turn               (no ring)
MPRegen 0.10/turn               (no ring)

@: glowing
A: sense surroundings 1, otherworldly, glowing, explore regen
a: no special abilities


You were on level 4 of the Dungeon.
You visited 1 branch of the dungeon, and saw 4 of its levels.

You collected 38 gold pieces.

Inventory:

Armour
 a - a +1 robe (worn)
 c - a +0 cloak (worn)
Scrolls
 d - a scroll of poison {unknown}
Potions
 b - a potion of magic
 e - a potion of brilliance {unknown}
 f - a potion of curing {unknown}


   Skills:
 + Level 2.6 Dodging
 - Level 1.4 Stealth
 + Level 2.9 Spellcasting
 + Level 1.4 Conjurations
 + Level 4.0 Fire Magic


You had 5 spell levels left.
You knew the following spells:

 Your Spells              Type           Power      Damage    Failure   Level
a - Foxfire               Conj/Fire      44%        2x1d6     6%          1

Your spell library contained the following spells:

 Spells                   Type           Power      Damage    Failure   Level
 Scorch                   Fire           30%        2d7       5%          2
 Conjure Flame            Conj/Fire      11%        6-21      19%         3
 Inner Flame              Hex/Fire       8%         N/A       24%         3
 Flame Wave               Conj/Fire      11%        2d6       52%         4


Dungeon Overview and Level Annotations

Branches:
Dungeon (4/15) Zot: 2139
 Temple: D:4-7

Altars:

Shops:
D:2 ?

Annotations:
D:4 Sigmund


Innate Abilities, Weirdness & Mutations

You passively map a small area around you.
You are easily found by Zot.
You glow in the dark.
You regain HP and MP as you explore.


Message History

You don't know that spell.
Casting: Foxfire (safe; 6% risk of failure)
Confirm with . or Enter, or press ? or * to list all spells.
You conjure some foxfire!
Casting: Foxfire (safe; 6% risk of failure)
Confirm with . or Enter, or press ? or * to list all spells.
You conjure some foxfire!
The foxfire hits the ball python.
The ball python is severely wounded.
The ball python bites you but does no damage.
The ball python grabs you. The ball python constricts you.
Casting: Foxfire (safe; 6% risk of failure)
Confirm with . or Enter, or press ? or * to list all spells.
You don't know that spell.
Casting: Foxfire (safe; 6% risk of failure)
Confirm with . or Enter, or press ? or * to list all spells.
You don't know that spell.
Casting: Foxfire (safe; 6% risk of failure)
Confirm with . or Enter, or press ? or * to list all spells.
You conjure some foxfire!
The foxfire hits the ball python.
You kill the ball python!
The foxfire hits something.
The foxfire hits something.
Your foxfire dissipates!
Something hits you!
Ouch! That really hurt!
Your foxfire dissipates!
Casting: Foxfire (safe; 6% risk of failure)
Confirm with . or Enter, or press ? or * to list all spells.
You conjure some foxfire!
The foxfire hits something. x2
Casting: Foxfire (safe; 6% risk of failure)
Confirm with . or Enter, or press ? or * to list all spells.
You conjure some foxfire!
Something hits you but does no damage.
The foxfire hits something but does no damage.
The foxfire hits something.
You hear a zap.
A bolt of light appears from out of thin air!
The bolt of light hits you!
Ouch! That really hurt!
You die...

, ##.. , ,.# , ....
.# , , ##..., * *.#
, #...., *.# , ,
##### ,#.....####.#
, ,, ....#
###...#....# , ,
....# ,......{.§..#
,
....##########..@#
,
....'........'.§.+,
, *
....##########...#*
,* ,, .####
#..........# , * .#
#.#####.#### , .#
#.# #.# * .# #.#
#.# *, .######.#
#.#* * * * *
........# #.# , , *
,


There were no monsters in sight!

Vanquished Creatures
  An adder (D:2)
  A hobgoblin (D:3)
  A ball python (D:4)
3 creatures vanquished.

Vanquished Creatures (others)
  18 foxfires
18 creatures vanquished.

Grand Total: 21 creatures vanquished

Notes
Turn   | Place    | Note
-------+----------+-------------------------------------------
     0 | D:1      | hawla the Meteoran Fire Elementalist began the quest for
                  | the Orb.
     0 | D:1      | Reached XP level 1. HP: 14/14 MP: 5/5
    17 | D:2      | Found Gikhyng's Magic Scroll Shoppe.
    47 | D:2      | Reached skill level 4 in Fire Magic
    47 | D:2      | Reached XP level 2. HP: 14/20 MP: 2/6
   251 | D:4      | Noticed Sigmund
   260 | D:4      | Killed from afar by Sigmund

Illustrated notes

Levels and vault maps discovered:
D:1:      lemuel_arrival_river_bridge, layout_basic, serial_shops,
          nicolae_shop_hallway_stairs
D:2:      layout_loops_corners, basic_altar, serial_shops, shop_statue,
          kennysheep_nondescript, minmay_circle_x
D:3:      wad_pebble_path, layout_basic, hellmonk_ecumenical_altar_heavens_door
D:4:      layout_basic, uniq_pikel, uniq_eustachio, uniq_sigmund

Skill      XL: |  1 |
---------------+----+-----
Fire Magic     | 4 |  4.0
Dodging        | |  2.6
Stealth        | |  1.4
Spellcasting   | |  2.9
Conjurations   | |  1.4

Action                   || total
-------------------------++-------
Melee: Unarmed           ||     2
 Cast: Foxfire           ||    10
  Use: Scroll            ||     2
Armor: Robe              ||     2
Dodge: Dodged            ||     3
